 Dungeon Crawl Stone Soup version 0.31-a0-345-g1ebeae05c6 (webtiles) character file.

Game seed: 4098993508352401672

43715 greasedhog the Skirmisher (level 14, -8/103 HPs)
             Began as a Formicid Hunter on July 23, 2023.
             Was a High Priest of Hepliaklqana.
             Mangled by a hell knight
             ... wielding a +5 great mace of flaming
              (24 damage)
             ... on level 12 of the Dungeon.
             The game lasted 00:46:40 (16729 turns).

greasedhog the Skirmisher (Formicid Hunter)        Turns: 16729, Time: 00:46:41

Health: -8/103     AC: 14    Str: 16    XL:     14   Next: 62%
Magic:  23/24      EV: 18    Int: 16    God:    Hepliaklqana [*****.]
Gold:   1226       SH: 10    Dex: 25    Spells: 13/13 levels left

rFire   . . .        t - +7 sling of Valour {speed, rElec rN+ Int+3 Stlth+}
rCold   + + .        d - +0 buckler
rNeg    + + .        N - +0 acid dragon scales
rPois   +            (helmet unavailable)
rElec   +            v - +2 cloak of the Sun {rElec}
rCorr   +            (no gloves)
SInv    +            T - +0 pair of boots
Will    ++++.        I - amulet "Leniujes" {Reflect -Tele Will+++ SH+5}
Stlth   +++          C - ring of the Harvest {rPois Int+3}
HPRegen 0.37/turn    b - ring "Pecy" {rC++ rN+ Dex+4 SInv}
MPRegen 0.19/turn

%: reflection
@: no status effects
A: reduced essence, permanent stasis, dig shafts and tunnels, antennae 3, four
strong arms
a: Dig, Shaft Self, Renounce Religion, Recall Ancestor, Ancestor Identity,
Transference, Idealise


You were on level 12 of the Dungeon.
You worshipped Hepliaklqana.
Hepliaklqana was extremely pleased with you.
You visited 3 branches of the dungeon, and saw 18 of its levels.
You also visited: Ice Cave.

You collected 1310 gold pieces.
You spent 84 gold pieces at shops.

Inventory:

Hand Weapons
 t - the +7 sling of Valour (weapon) {speed, rElec rN+ Int+3 Stlth+}
   (You took it off a hobgoblin on level 3 of the Dungeon)

   Int:       It affects your intelligence (+3).
   rElec:     It insulates you from electricity.
   rN:        It protects you from negative energy.
   Stlth:     It makes you more stealthy.
Missiles
 o - a curare-tipped dart
 P - a throwing net
Armour
 d - a +0 buckler (worn)
 v - the +2 cloak of the Sun (worn) {rElec}
   (You found it on level 3 of the Dungeon)

   rElec:     It insulates you from electricity.
 N - +0 acid dragon scales (worn)
 T - a +0 pair of boots (worn)
Jewellery
 a - a ring of protection from cold
 b - the ring "Pecy" (right hand) {rC++ rN+ Dex+4 SInv}
   (You found it on level 9 of the Dungeon)

   [ring of positive energy]

   Dex:       It affects your dexterity (+4).
   rC:        It greatly protects you from cold.
   rN:        It protects you from negative energy.
   SInv:      It lets you see invisible.
 k - a ring of protection from fire
 y - a ring of positive energy
 A - a ring of positive energy
 C - the ring of the Harvest (left hand) {rPois Int+3}
   (You found it on level 9 of the Dungeon)

   [ring of poison resistance]

   Int:       It affects your intelligence (+3).
   rPois:     It protects you from poison.
 F - a ring of flight
 I - the amulet "Leniujes" (around neck) {Reflect -Tele Will+++ SH+5}
   (You found it on level 9 of the Dungeon)

   [amulet of reflection]

   It reflects blocked missile attacks.
   -Tele:     It prevents most forms of teleportation.
   SH:        It affects your SH (+5).
   Will:      It greatly increases your willpower.
 K - a ring of protection from fire
 M - a ring of positive energy
Wands
 r - a wand of flame (56)
 s - a wand of iceblast (7)
 G - a wand of acid (1)
 O - a wand of charming (16)
 V - a wand of polymorph (12)
Scrolls
 e - 4 scrolls of enchant weapon
 h - 2 scrolls of enchant armour
 i - 4 scrolls of fog
 j - 5 scrolls of teleportation
 u - a scroll of amnesia
 B - a scroll of blinking
 D - a scroll of brand weapon
 H - 2 scrolls of vulnerability
 J - a scroll of revelation
 L - a scroll of silence
 Q - a scroll of fear
 R - a scroll of immolation
 W - a scroll of torment
 X - a scroll of acquirement {unknown}
 Y - a scroll of poison {unknown}
Potions
 f - 3 potions of brilliance
 g - 3 potions of invisibility {unknown}
 l - 3 potions of attraction
 m - 5 potions of ambrosia
 n - 4 potions of curing
 p - 2 potions of magic {unknown}
 q - a potion of heal wounds
 w - 2 potions of mutation {unknown}
 x - a potion of enlightenment {unknown}
 z - 2 potions of might {unknown}
 U - a potion of berserk rage {unknown}
Miscellaneous
 c - a lightning rod (3/4)


   Skills:
 + Level 12.1 Fighting
 - Level 14.2 Ranged Weapons
 - Level 11.1 Armour
 * Level 8.2 Dodging
 - Level 1.2 Stealth
 - Level 13.4 Invocations


You had 13 spell levels left.
You didn't know any spells.
Your spell library contained the following spells:

 Spells                   Type           Power      Damage    Failure   Level
 Freeze                   Ice            0%         1d3       41%         1
 Necrotise                Necr           0%         1d4       41%         1
 Shock                    Conj/Air       0%         1d3       41%         1
 Ensorcelled Hibernation  Hex/Ice        0%         N/A       54%         2
 Lesser Beckoning         Tloc           0%         N/A       54%         2
 Momentum Strike          Conj/Tloc      0%         3d8       54%         2
 Passwall                 Tmut/Erth      0%         N/A       54%         2
 Wereblood                Tmut           0%         N/A       54%         2
 Frozen Ramparts          Ice            0%         1d1       78%         3
 Hailstorm                Conj/Ice       0%         3d3       78%         3
 Vampiric Draining        Necr           0%         2d6       78%         3
 Anguish                  Hex/Necr       0%         N/A       99%         4
 Animate Dead             Necr           0%         N/A       99%         4
 Dispel Undead            Necr           0%         3d6       99%         4
 Agony                    Necr           0%         N/A       100%        5
 Arcjolt                  Conj/Air       0%         1d10      100%        5
 Irradiate                Conj/Tmut      0%         3d11      100%        5
 Death Channel            Necr           0%         N/A       100%        6
 Plasma Beam              Fire/Air       0%         2x1d10    100%        6
 Simulacrum               Ice/Necr       0%         N/A       100%        6
 Haunt                    Necr/Summ      0%         N/A       100%        7
 Ozocubu's Refrigeration  Ice            0%         4d7       100%        7
 Infestation              Necr           0%         N/A       100%        8
 Maxwell's Capacitive Co  Air            0%         ∞         100%        8
 Polar Vortex             Ice            0%         N/A       100%        9
 Blink                    Tloc           Unusable   N/A       N/A         2
 Swiftness                Air            Unusable   N/A       N/A         3
 Vhi's Electric Charge    Tloc/Air       Unusable   N/A       N/A         3

Dungeon Overview and Level Annotations

Branches:
Dungeon (12/15)            Temple (1/1) D:4            Lair (5/5) D:10
  Swamp (0/4) Lair:2       Spider (0/4) Lair:2        Slime (0/5) Lair:4
  IceCv (visited)
    Orc: D:9-12

Altars:
Ashenzari
Cheibriados
Dithmenos
Elyvilon
Fedhas
Gozag
Hepliaklqana
Kikubaaqudgha
Makhleb
Nemelex Xobeh
Okawaru
Qazlal
Ru
Sif Muna
Trog
Uskayaw
Vehumet
Wu Jian
Xom
Yredelemnul
Zin
The Shining One
Jiyva
Lugonu

Shops:
D:8 !

Portals:
Abyss: D:3

Annotations:
D:8 1 runed translucent door, juan097's ghost, novice BaHu


Innate Abilities, Weirdness & Mutations

Your life essence is reduced to manifest your ancestor. (-10% HP)
You cannot be hasted, slowed, berserked, paralysed or teleported.
You can dig through walls and to a lower floor.
You have a pair of large antennae on your head. (SInv)
Your four strong arms can wield two-handed weapons with a shield.


Message History

The bolt of fire hits Bojana but does no damage.
The bolt of fire hits you!!
* * * LOW HITPOINT WARNING * * *
Fire: t) +7 sling of Valour {speed, rElec rN+ Int+3 Stlth+}
Press: ? - help, Q - select action, (/) - cycle Shift-Dir - straight line, f/p - hell knight
Aim: a hell knight, wielding a +5 great mace of flaming and wearing a +0 chain mail (moderately wounded, fast, ally target, 81% to hit)
You shoot a sling bullet. Bojana avoids your attack.
The sling bullet completely misses the hell knight.
Bojana hits the hell knight with a +0 flail!
The hell knight hits Bojana with a +5 great mace of flaming!!
The hell knight burns Bojana.
Bojana is destroyed!
The hell knight shouts!
Fire: t) +7 sling of Valour {speed, rElec rN+ Int+3 Stlth+}
Press: ? - help, Q - select action, (/) - cycle Shift-Dir - straight line, f/p - hell knight
Aim: a hell knight, wielding a +5 great mace of flaming and wearing a +0 chain mail (heavily wounded, fast, 81% to hit)
You shoot a sling bullet.
The sling bullet barely misses the hell knight.
Fire: t) +7 sling of Valour {speed, rElec rN+ Int+3 Stlth+}
Press: ? - help, Q - select action, (/) - cycle Shift-Dir - straight line, f/p - hell knight
Aim: a hell knight, wielding a +5 great mace of flaming and wearing a +0 chain mail (heavily wounded, fast, 81% to hit)
You shoot a sling bullet. The sling bullet hits the hell knight!
The hell knight is severely wounded.
The hell knight invokes the aid of its god against you.
The bolt of fire hits the hell knight.
The hell knight completely resists.
The bolt of fire hits you!
* * * LOW HITPOINT WARNING * * *
Fire: t) +7 sling of Valour {speed, rElec rN+ Int+3 Stlth+}
Press: ? - help, Q - select action, (/) - cycle Shift-Dir - straight line, f/p - hell knight
Aim: a hell knight, wielding a +5 great mace of flaming and wearing a +0 chain mail (severely wounded, fast, 81% to hit)
You shoot a sling bullet. The sling bullet hits the hell knight.
The hell knight is severely wounded.
You block the hell knight's attack.
Are you sure you want to shaft yourself?
The hell knight hits you but does no damage.
The hell knight hits you from afar with a +3 halberd of pain.
* * * LOW HITPOINT WARNING * * *
You begin to dig a shaft.
You continue digging a shaft.
The hell knight hits you with a +5 great mace of flaming!!
You die...

..#. ..#...#.#
...#.#..##.#
##.#.#.###.#
#..'.#.# #.#
#..#†#.###.#######
#.,#.#.##.........
# #p#.##.#######.
#p#.##....#
#@#.##...>#
#.#.##....#
#.#.##....#
#.#.##...[#
#.#.##....#
#.#.##....#
#.#.##)...########
{
#.#.##.#####......
#.#.##.....'......


You could see 2 hell knights.

Vanquished Creatures
  Erolcha (D:12)
  A hydra (Lair:5)
  3 catoblepae (Lair:5)
  A boulder beetle (D:9)
  4 death yaks
  2 two-headed ogres (D:12)
  2 manticores (Lair:5)
  An oklob plant (Lair:4)
  4 elephants (Lair:5)
  An ice statue (IceCv)
  2 black mambas
  A gargoyle (D:10)
  10 cane toads
  A rime drake (Lair:2)
  An unseen horror (D:11)
  6 kobold demonologists
  7 komodo dragons
  2 trolls
  A meliai (Lair:2)
  A hornet (D:7)
  6 blink frogs
  4 slime creatures (D:12)
  2 shadows
  A dire elephant simulacrum (IceCv)
  5 basilisks
  3 wyverns
  39 yaks
  6 death yak simulacra (IceCv)
  A vampire mosquito (D:8)
  A harpy simulacrum (IceCv)
  3 hell hounds (D:12)
  6 water moccasins
  An ice beast (D:5)
  An orc warrior (D:11)
  4 black bears
  3 ogres
  4 centaurs
  7 wolves (Lair:3)
  A phantom (D:7)
  13 bullfrogs
  3 kobold brigands
  4 cane toad simulacra (IceCv)
  3 scorpions
  5 two-headed ogre simulacra (IceCv)
  12 wights
  4 killer bees
  2 elephant simulacra (IceCv)
  4 electric eels
  4 howler monkeys
  3 jellies
  4 crimson imps (D:8)
  2 orc priests
  5 hounds
  2 sleepcaps
  4 iguanas
  3 orc wizards
  8 troll simulacra (IceCv)
  A wolf simulacrum (IceCv)
  2 gnolls (D:6)
  3 naga simulacra (IceCv)
  10 adders
  5 white imps (IceCv)
  5 ufetubi
  A worm (D:5)
  A dart slug (D:1)
  19 orcs
  6 ball pythons
  7 endoplasms
  A giant cockroach (D:4)
  7 goblins
  5 hobgoblins
  5 quokkas
  4 bats
  10 frilled lizards
  23 kobolds
  A rat (D:2)
351 creatures vanquished.

Vanquished Creatures (collateral kills)
  A reaper (IceCv)
  A catoblepas (Lair:5)
  A boulder beetle (D:12)
  A death yak (Lair:5)
  An ugly thing (D:9)
  A cyclops (D:9)
  A black mamba (Lair:3)
  A rust devil (D:12)
  An elephant (Lair:5)
  A torpor snail (Lair:3)
  A cane toad (Lair:2)
  An efreet (D:8)
  2 komodo dragons (Lair:2)
  8 yaks
  A dire elephant simulacrum (IceCv)
  A basilisk (D:10)
  2 acid dragons
  2 water moccasins
  2 hell hounds (D:12)
  A sky beast (D:7)
  3 wolves (Lair:3)
  3 bullfrogs (D:8)
  A two-headed ogre simulacrum (IceCv)
  A scorpion (D:7)
  2 killer bees (Lair:2)
  An orc wizard (D:9)
  A spriggan simulacrum (IceCv)
  2 troll simulacra (IceCv)
  A polar bear simulacrum (IceCv)
  A wolf simulacrum (IceCv)
  A gnoll (D:6)
  A naga simulacrum (IceCv)
  A white imp (D:6)
  2 ufetubi (IceCv)
  3 kobolds
55 creatures vanquished.

Vanquished Creatures (others)
  A deep elf pyromancer (D:9)
  A slime creature (D:9)
  A killer bee (D:9)
  11 knights
  3 ancestors
17 creatures vanquished.

Grand Total: 423 creatures vanquished

Notes
Turn   | Place    | Note
-------+----------+-------------------------------------------
     0 | D:1      | greasedhog the Formicid Hunter began the quest for the Orb.
     0 | D:1      | Reached XP level 1. HP: 16/16 MP: 1/1
   210 | D:1      | Reached XP level 2. HP: 23/23 MP: 2/2
   562 | D:2      | Reached XP level 3. HP: 28/28 MP: 3/3
  1327 | D:3      | Reached XP level 4. HP: 35/35 MP: 4/4
  1369 | D:3      | Found a large runed translucent door.
  1369 | D:3      | Found a large runed translucent door.
  1373 | D:3      | Found a corrupted altar of Lugonu.
  1418 | D:3      | Reached skill level 5 in Ranged Weapons
  1433 | D:3      | Found a one-way gate to the infinite horrors of the Abyss.
  1799 | D:3      | Identified the +7 sling of Valour {speed, rElec rN+ Int+3
                  | Stlth+}
  1822 | D:3      | Identified the +2 cloak of the Sun {rElec}
  2336 | D:3      | Reached XP level 5. HP: 33/42 MP: 5/5
  2489 | D:4      | Noticed a black bear
  2494 | D:4      | Killed a black bear
  2495 | D:4      | Reached skill level 6 in Ranged Weapons
  2495 | D:4      | Reached XP level 6. HP: 34/49 MP: 6/6
  2774 | D:4      | Found a hide-covered altar of Uskayaw.
  2931 | D:4      | Found a sparkling altar of Nemelex Xobeh.
  3034 | D:4      | Found a staircase to the Ecumenical Temple.
  3044 | Temple   | Entered the Ecumenical Temple
  3052 | Temple   | Became a worshipper of Hepliaklqana the Forgotten
  3202 | D:5      | Entered Level 5 of the Dungeon
  3202 | D:5      | Noticed an ogre
  3227 | D:5      | Reached XP level 7. HP: 50/55 MP: 7/7
  3269 | D:5      | Reached skill level 7 in Ranged Weapons
  3307 | D:5      | Reached skill level 5 in Fighting
  3402 | D:5      | Found a broken altar of Ashenzari.
  3458 | D:5      | Reached XP level 8. HP: 63/63 MP: 8/8
  3497 | D:5      | Reached skill level 8 in Ranged Weapons
  3608 | D:5      | Reached skill level 1 in Armour
  3901 | D:6      | Reached * piety under Hepliaklqana
  4376 | D:6      | Found a blossoming altar of Fedhas.
  4420 | D:6      | Reached skill level 9 in Ranged Weapons
  4766 | D:7      | Noticed a hornet
  4781 | D:7      | Killed a hornet
  4782 | D:7      | Reached XP level 9. HP: 18/62 MP: 9/9
  4870 | D:7      | Reached skill level 10 in Ranged Weapons
  4988 | D:7      | Reached skill level 5 in Armour
  5140 | D:7      | Reached skill level 1 in Invocations
  5234 | D:7      | Reached skill level 11 in Ranged Weapons
  5262 | D:7      | Reached ** piety under Hepliaklqana
  5263 | D:7      | Remembered your ancestor Bojana as a knight
  5342 | D:7      | Reached XP level 10. HP: 69/69 MP: 11/11
  5909 | D:8      | Found Muerir's Distillery.
  5922 | D:8      | Bought a potion of degeneration for 12 gold pieces
  5922 | D:8      | Bought a potion of attraction for 36 gold pieces
  5922 | D:8      | Bought a potion of curing for 36 gold pieces
  6183 | D:8      | Found a runed translucent door.
  6183 | D:8      | Found a shimmering altar of Xom.
  6183 | D:8      | Noticed juan097's ghost (novice BaHu)
  6183 | D:8      | Noticed a +2 long sword of chaos
  6264 | D:8      | Found a shimmering altar of Xom.
  6304 | D:8      | Found a stormy altar of Qazlal.
  6305 | D:8      | Found an iron altar of Okawaru.
  6444 | D:9      | Reached skill level 12 in Ranged Weapons
  6476 | D:9      | Noticed a kobold demonologist
  6481 | D:9      | Killed a kobold demonologist
  6484 | D:9      | Noticed a kobold demonologist
  6484 | D:9      | Noticed a kobold demonologist
  6499 | D:9      | Killed a kobold demonologist
  6500 | D:9      | Reached skill level 5 in Invocations
  6553 | D:9      | Killed a kobold demonologist
  6720 | D:9      | Reached *** piety under Hepliaklqana
  6773 | D:9      | Reached XP level 11. HP: 77/77 MP: 15/15
  6892 | D:9      | Noticed a purple ugly thing
  6893 | D:9      | Noticed a cyclops
  6902 | D:9      | Noticed a boulder beetle
  6981 | D:8      | Reached skill level 13 in Ranged Weapons
  7051 | D:9      | Killed a purple ugly thing
  7060 | D:9      | Killed a cyclops
  7198 | D:9      | Identified the ring "Pecy" {rC++ rN+ Dex+4 SInv}
  7201 | D:9      | Identified the amulet "Fotoul" {RegenMP Rampage rElec
                  | Dex+3}
  7212 | D:9      | Identified the ring of the Harvest {rPois Int+3}
  7464 | D:9      | Identified the amulet "Leniujes" {Reflect -Tele Will+++
                  | SH+5}
  7464 | D:9      | Noticed a deep elf pyromancer
  7491 | D:9      | Killed a deep elf pyromancer
  7679 | D:9      | Killed a boulder beetle
  7928 | D:10     | Entered Level 10 of the Dungeon
  8028 | D:10     | Found a radiant altar of Vehumet.
  8062 | D:10     | Found a staircase to the Lair.
  8069 | D:10     | Reached skill level 14 in Ranged Weapons
  8355 | D:10     | Reached XP level 12. HP: 87/87 MP: 18/18
  8802 | D:11     | Reached skill level 10 in Fighting
  9283 | D:11     | Reached **** piety under Hepliaklqana
  9339 | Lair:1   | Entered Level 1 of the Lair of Beasts
  9886 | Lair:1   | Reached skill level 10 in Invocations
 10289 | Lair:2   | Found a staircase to the Swamp.
 10509 | Lair:2   | Found a hole to the Spider Nest.
 10729 | Lair:2   | Reached XP level 13. HP: 62/92 MP: 21/21
 10816 | Lair:2   | Reached ***** piety under Hepliaklqana
 10817 | Lair:2   | Found an opulent altar of Gozag.
 10829 | Lair:2   | Got the Lectures on Voltaic Darkness
 11859 | Lair:3   | Found a dark tunnel.
 11899 | Lair:3   | Reached skill level 10 in Armour
 12602 | Lair:4   | Found a viscous altar of Jiyva.
 12603 | Lair:4   | Found a staircase to the Slime Pits.
 12630 | Lair:4   | Found a frozen archway.
 12642 | IceCv    | Entered an ice cave
 13419 | IceCv    | Noticed a reaper
 13495 | IceCv    | Killed a reaper
 14423 | Lair:5   | Entered Level 5 of the Lair of Beasts
 14426 | Lair:5   | Noticed a five-headed hydra
 14438 | Lair:5   | Killed a five-headed hydra
 14846 | Lair:5   | Noticed a catoblepas
 14859 | Lair:5   | Killed a catoblepas
 14883 | Lair:5   | Reached XP level 14. HP: 99/99 MP: 24/24
 15127 | Lair:5   | Reached skill level 5 in Dodging
 16534 | D:12     | Noticed Erolcha
 16547 | D:12     | Killed Erolcha
 16729 | D:12     | Mangled by a hell knight

Illustrated notes

Levels and vault maps discovered:
D:1:      tarquinn_simple_flora_water_f, layout_basic
D:2:      layout_basic, minmay_lizard_pond
D:3:      due_chaos_kobolds, layout_basic, mrwooster_statue_mirror
D:4:      layout_loops_ring, nicolae_uskayaw_murder_on_the_dancefloor,
          old_standard_altar, minmay_temple_entry_hall
D:5:      layout_basic, ashenzari_conservatory_becter
D:6:      corexii_shack_village, layout_basic, fedhas_altar_fruit_tree,
          chequers_ossuary_entry_cave, chequers_serial_rivers_small_a,
          minmay_stone_trees_medium
D:7:      layout_basic, minmay_misc_feat_chi
D:8:      layout_rooms, led_xom_imps, gammafunk_temple_overflow_statue,
          ebering_ghost_xom, serial_shops, shop
D:9:      minmay_the_grid_triangle_9x9_recursive_2_mashed
          [minmay_the_grid_triangle_9x9_prize_special,
          minmay_the_grid_triangle_9x9_descending_squares,
          minmay_the_grid_triangle_9x9_intruding_spiral,
          minmay_the_grid_triangle_9x9_sprig], layout_long_grid, serial_bayou,
          serial_bayou_crossing, serial_bayou_shore_a, serial_bayou_pond_c,
          serial_bayou_ford_a, serial_bayou_lagoon_b
D:10:     layout_basic, vehumet_altar_wand_db, david_lair_generic
D:11:     layout_loops_ring
D:12:     mludivico_vault, layout_basic, orc_0_dummy,
          nicolae_trove_entry_diagonal, nicolae_hepliaklqana_hazy_memory,
          uniq_erolcha
Temple:   nicolae_temple_two_arcs
Lair:1:   layout_chaotic_city
Lair:2:   layout_cellular_growth, swamp_mist,
          hellmonk_spider_entry_not_the_bees, basic_altar,
          hangedman_lair_generics_rect, grunt_megastairs_5
Lair:3:   layout_long_grid, serial_bayou, serial_bayou_pond_c,
          serial_bayou_pond_a, serial_bayou_shore_b, serial_bayou_pond_e,
          lightli_volcano_entry_magma_tube
Lair:4:   wander_river, layout_gridlike, dpeg_slime_entry_enclosed,
          portal_ice_cave_entry_pillars_2, minmay_lair_oklob_bushes,
          columned_hall_lemuel
Lair:5:   evilmike_catoblepas_cave, layout_long_grid,
          chequers_serial_rivers_large_a

Skill      XL: |  1  2  3  4  5  6  7  8  9 10 11 12 13 14 |
---------------+-------------------------------------------+-----
Fighting       | 3 4 5 6 8 9 10 12 | 12.1
Ranged Weapons | 5 6 7 9 11 12 14 | 14.2
Armour         | 3 5 8 11 | 11.1
Invocations    | 2 5 8 11 13 | 13.4
Dodging        | 4 8 |  8.2
Stealth        | |  1.2

Action                     |  1- 3 |  4- 6 |  7- 9 | 10-12 | 13-15 || total
---------------------------+-------+-------+-------+-------+-------++-------
   Fire: Shortbow          |    70 |    28 |       |       |       ||    98
         Sling             |       |    88 |   239 |   703 |   783 ||  1813
 Invoke: Ancestor Identity |       |       |     1 |       |       ||     1
         Ancestor Life: Kn |       |       |     1 |       |       ||     1
         Transference      |       |       |       |       |     3 ||     3
         Idealise          |       |       |       |       |     3 ||     3
Ability: Shaft Self        |       |       |       |       |     1 ||     1
  Evoke: Wand              |       |     1 |     4 |     6 |     7 ||    18
         Lightning rod     |       |       |       |       |     4 ||     4
    Use: Scroll            |       |       |     3 |     4 |    11 ||    18
         Potion            |       |       |       |       |     7 ||     7
 Armour: Leather armour    |     7 |    12 |       |       |       ||    19
         Ring mail         |       |     5 |    12 |    19 |       ||    36
         Acid dragon scale |       |       |       |    16 |    40 ||    56
  Dodge: Dodged            |     9 |    25 |    14 |    38 |    62 ||   148
  Block: Buckler           |     2 |     3 |     7 |    26 |    44 ||    82
         Reflection        |       |       |       |     2 |     2 ||     4

Table legend: (Time is in decaauts)
 A = Elapsed time spent in this place.
 B = Non-inter-level travel time spent in this place.
 C = Inter-level travel time spent in this place.
 D = Time resting spent in this place.
 E = Time spent auto-exploring this place.
 F = Levels seen in this place.
 G = Mean time per level.
                   A        B        C        D        E       F      G
               +--------+--------+--------+--------+--------+-----+--------+
         Total |  16163 |  15582 |    581 |   1320 |  11339 |  19 |  850.7 |
       Dungeon |   9481 |   9065 |    416 |    307 |   7104 |  12 |  790.1 |
        Temple |     16 |     16 |      0 |      0 |      0 |   1 |   16.0 |
          Lair |   5353 |   5188 |    165 |    560 |   3748 |   5 | 1070.6 |
      Ice Cave |   1312 |   1312 |      0 |    452 |    486 |   1 | 1312.0 |
               +--------+--------+--------+--------+--------+-----+--------+

Top non-repeatable levels by time:
  Lair:5: 1754 daAuts
     D:9: 1354 daAuts
   IceCv: 1312 daAuts
  Lair:2: 1152 daAuts
     D:3: 1138 daAuts
     D:7: 1115 daAuts
     D:6: 918 daAuts
  Lair:3: 864 daAuts
  Lair:4: 832 daAuts
     D:2: 783 daAuts
     D:4: 757 daAuts
  Lair:1: 749 daAuts
    D:11: 720 daAuts
    D:10: 670 daAuts
     D:8: 641 daAuts
